 Dungeon Crawl Stone Soup version 0.28.0-53-g5a82cb258f (webtiles) character file.

Game seed: 2522883527361852585

5222 cbfl8 the Cleaver (level 10, -6/90 HPs)
             Began as a Minotaur Fighter on July 20, 2022.
             Mangled by an orc warrior
             ... wielding a +0 war axe
              (15 damage)
             ... in a bailey.
             The game lasted 00:09:49 (8454 turns).

cbfl8 the Cleaver (Minotaur Fighter)                Turns: 8454, Time: 00:09:49

Health: -6/90      AC: 17    Str: 21    XL:     10   Next: 35%
Magic:  9/9        EV:  8    Int:  5    God:
Gold:   336        SH:  0    Dex: 14    Spells: 9/9 levels left

rFire   + . .      SeeInvis .   a - +0 war axe
rCold   . . .      Faith    .   C - orb {*Rage}
rNeg    . . .      Spirit   .   J - +0 plate armour
rPois   +          Reflect  .   (helmet restricted)
rElec   .          Harm     .   w - +1 cloak
rCorr   .          Rampage  .   (no gloves)
Will    .....      Rage     20% (no boots)
Stlth   ..........              (no amulet)
HPRegen 0.25/turn               I - ring of poison resistance
MPRegen 0.11/turn               H - ring of protection from fire

@: on berserk cooldown
A: horns 2, retaliatory headbutt
a: no special abilities


You were in a bailey.
You visited 1 branch of the dungeon, and saw 7 of its levels.
You also visited: Bailey.

You collected 336 gold pieces.

Inventory:

Hand Weapons
 a - a +0 war axe (weapon)
 D - a +0 battleaxe
Armour
 b - a +0 scale mail
 c - a +0 buckler
 g - a +0 cloak
 w - a +1 cloak (worn)
 C - an orb of wrath (worn)
 G - a +0 pair of gloves
 J - a +0 plate armour (worn)
Jewellery
 H - a ring of protection from fire (right hand)
 I - a ring of poison resistance (left hand)
Wands
 r - a wand of iceblast (7)
 v - a wand of polymorph (25)
 z - a wand of flame (19)
Scrolls
 h - 2 scrolls of vulnerability {unknown}
 i - 2 scrolls of blinking
 l - 4 scrolls of identify {unknown}
 n - 3 scrolls of fog {unknown}
 o - a scroll of noise {unknown}
 q - 4 scrolls of magic mapping {unknown}
 s - 3 scrolls of teleportation {unknown}
 u - 4 scrolls of enchant armour {unknown}
 y - a scroll of fear {unknown}
 B - a scroll of brand weapon {unknown}
 F - a scroll of amnesia {unknown}
 K - a scroll of acquirement {unknown}
Potions
 d - 2 potions of might
 e - 4 potions of cancellation {unknown}
 f - a potion of heal wounds {unknown}
 j - 4 potions of curing {unknown}
 k - 2 potions of lignification {unknown}
 m - 2 potions of invisibility {unknown}
 p - 2 potions of magic {unknown}
 t - 9 potions of degeneration
 x - a potion of haste {unknown}
 A - 2 potions of attraction {unknown}
 E - a potion of berserk rage {unknown}
 L - a potion of experience {unknown}


   Skills:
 * Level 8.9 Fighting
 + Level 12.1 Axes
 + Level 10.1 Armour
 + Level 2.9 Dodging
 + Level 0.8 Stealth
 + Level 5.8 Shields
 * Level 1.7 Evocations


You had 9 spell levels left.
You didn't know any spells.
Your spell library contained the following spells:

 Spells                   Type           Power      Damage    Failure   Level
 Sandblast                Erth           0%         2d4       100%        1
 Passwall                 Tmut/Erth      0%         N/A       100%        2
 Gell's Gravitas          Tloc           0%         N/A       100%        3
 Lesser Beckoning         Tloc           0%         N/A       100%        3
 Stone Arrow              Conj/Erth      0%         3d7       100%        3
 Teleport Other           Tloc           0%         N/A       100%        3
 Hailstorm                Conj/Ice       0%         3d3       100%        4
 Ice Form                 Ice/Tmut       0%         N/A       100%        4
 Simulacrum               Ice/Necr       0%         N/A       100%        6


Dungeon Overview and Level Annotations

Branches:
Dungeon (7/15)             Bailey (1/1)
 Temple: D:4-7

Altars:

Portals:
Abyss: D:5

Annotations:
D:5 2 transporters, quixfox's ghost, novice MiFi


Innate Abilities, Weirdness & Mutations

You have a pair of horns on your head.
You reflexively headbutt those who attack you in melee.


Message History

An orc warrior is nearby!
Okay, then.
Aiming: Iceblast
Press: ? - help, Shift-Dir - straight line Out of range.
Okay, then.
The orc warrior shouts!
Okay, then.
Aiming: Iceblast
Press: ? - help, Shift-Dir - straight line, f - orc warrior
Aim: an orc warrior, wielding a +0 war axe, wearing a +0 plate armour and wearing a ring of fire The mass of ice explodes!
The iceblast engulfs the orc warrior.
The orc warrior is lightly wounded.
You hear a shout!
Aiming: Throw Flame
Press: ? - help, Shift-Dir - straight line, f/p - orc warrior
Aim: an orc warrior, wielding a +0 war axe, wearing a +0 plate armour and wearing a ring of fire (lightly wounded, 71% to hit)
The puff of flame hits the orc warrior.
The orc warrior resists.
The orc warrior is moderately wounded.
You feel yourself speed up.
You closely miss the orc warrior.
The orc warrior is moderately wounded.
The orc warrior hits you but does no damage.
You hit the orc warrior but do no damage.
The orc warrior is moderately wounded.
The orc warrior hits you with a +0 war axe!
* * * LOW HITPOINT WARNING * * *
You slash the orc warrior!
The orc warrior is heavily wounded.
The orc warrior hits you with a +0 war axe.
* * * LOW HITPOINT WARNING * * *
You hit the orc warrior. You headbutt the orc warrior.
The orc warrior is severely wounded.
You hit the orc warrior but do no damage.
The orc warrior is severely wounded.
The orc warrior barely misses you.
You closely miss the orc warrior. You headbutt the orc warrior.
The orc warrior is almost dead.
The orc warrior hits you with a +0 war axe!
You die...

##.......##.......##.......##
#.......'.........'.......#
##.....##.........##.....##
#######.....⌠.....#######
##.........## #...)))...#
##...)...## #...o...#
##..@..## #######


You could see an orc warrior.

Vanquished Creatures
  An orc warlord (Bailey)
  Sigmund (D:5)
  A yak (D:6)
  3 water moccasins (D:6)
  The ghost of bnorton916 the Magician, an amateur DEFE (D:4)
  10 orc warriors
  4 sky beasts
  2 ice beasts (D:6)
  3 ogres
  3 necrophages
  3 centaurs
  3 kobold brigands
  3 scorpions
  2 wyvern zombies
  A water moccasin zombie (D:5)
  A wight (D:6)
  A howler monkey (D:6)
  A centaur zombie (D:6)
  6 hounds
  2 jellies
  A bullfrog zombie (D:6)
  An orc priest (D:5)
  An iguana (D:5)
  Crazy Yiuf (D:2)
  Jessica (D:2)
  A centaur skeleton (D:6)
  2 hound skeletons
  8 adders
  13 gnolls
  A river rat (D:4)
  A white imp (D:6)
  An ufetubus (D:4)
  3 worms
  2 dart slugs (D:4)
  17 orcs
  10 endoplasms
  4 giant cockroaches
  16 goblins
  14 hobgoblins
  2 quokkas (D:2)
  4 ball pythons
  7 bats
  2 frilled lizards
  12 kobolds
  6 rats
183 creatures vanquished.

Vanquished Creatures (others)
  4 fungi (D:2)
4 creatures vanquished.

Grand Total: 187 creatures vanquished

Notes
Turn   | Place    | Note
-------+----------+-------------------------------------------
     0 | D:1      | cbfl8 the Minotaur Fighter began the quest for the Orb.
     0 | D:1      | Reached XP level 1. HP: 19/19 MP: 0/0
   221 | D:1      | Reached XP level 2. HP: 22/27 MP: 1/1
   410 | D:1      | Found a faded altar of an unknown god.
   724 | D:2      | Reached skill level 3 in Axes
   724 | D:2      | Reached XP level 3. HP: 16/33 MP: 2/2
  1055 | D:2      | Reached XP level 4. HP: 40/40 MP: 3/3
  1094 | D:2      | Noticed Jessica
  1101 | D:2      | Killed Jessica
  1367 | D:2      | You fall into a shaft and drop 2 floors!
  1375 | D:4      | Reached skill level 5 in Armour
  1375 | D:4      | Reached XP level 5. HP: 32/47 MP: 4/4
  1798 | D:2      | Reached skill level 4 in Axes
  2272 | D:2      | Found a runed translucent door.
  2273 | D:2      | Noticed Crazy Yiuf
  2278 | D:2      | Killed Crazy Yiuf
  2852 | D:4      | Noticed a necrophage
  2859 | D:4      | Killed a necrophage
  2860 | D:4      | Reached skill level 5 in Axes
  2860 | D:4      | Reached XP level 6. HP: 37/53 MP: 5/5
  3081 | D:4      | Reached skill level 1 in Dodging
  3258 | D:4      | Found a runed translucent door.
  3302 | D:4      | Noticed bnorton916's ghost (amateur DEFE)
  3365 | D:4      | Reached skill level 5 in Fighting
  3365 | D:4      | Reached skill level 6 in Axes
  3365 | D:4      | Reached skill level 5 in Shields
  3365 | D:4      | Reached XP level 7. HP: 48/61 MP: 6/6
  3573 | D:4      | Killed bnorton916's ghost
  3621 | D:5      | Entered Level 5 of the Dungeon
  3658 | D:5      | Found a transporter.
  3662 | D:5      | Found a transporter.
  3870 | D:5      | Reached skill level 7 in Axes
  3972 | D:5      | Noticed Sigmund
  3980 | D:5      | Killed Sigmund
  4133 | D:5      | Found a one-way gate to the infinite horrors of the Abyss.
  4133 | D:5      | Noticed quixfox's ghost (novice MiFi)
  4286 | D:5      | Reached XP level 8. HP: 45/70 MP: 7/7
  4906 | D:5      | Reached skill level 8 in Axes
  5939 | D:6      | Reached skill level 9 in Axes
  6183 | D:6      | Reached XP level 9. HP: 78/78 MP: 8/8
  6652 | D:6      | Reached skill level 10 in Axes
  7416 | D:7      | Reached skill level 11 in Axes
  7442 | D:7      | Found a flagged portal.
  7466 | Bailey   | Entered a bailey
  7882 | Bailey   | Reached XP level 10. HP: 19/88 MP: 9/9
  8390 | Bailey   | Noticed an orc warlord
  8422 | Bailey   | Killed an orc warlord
  8423 | Bailey   | Reached skill level 12 in Axes
  8423 | Bailey   | Reached skill level 10 in Armour
  8423 | Bailey   | Reached skill level 1 in Evocations
  8454 | Bailey   | Mangled by an orc warrior

Illustrated notes

Levels and vault maps discovered:
D:1:      mrwooster_arrival_arrow, layout_rooms, ebering_ecumenical_altar_hall,
          serial_park_tiny_1, grunt_decor_fettered
D:2:      layout_basic, st_stairs_6, serial_park_tiny_1, corexii_corridor_pit,
          chequers_serial_rivers_marsh, amcnicky_mini_rare_corridor_liquid,
          nrook_loot_triangle, minmay_fractal_squares_5, uniq_jessica,
          uniq_crazy_yiuf_cottage
D:3:      layout_basic
D:4:      kennysheep_big_flooded_room, layout_rooms, portal_sewer_entry_a,
          ebering_ghost_sewer_d, hangedman_feature_mirror
D:5:      layout_loops_ring, gammafunk_ghost_abyssal_escape, minivault_5,
          uniq_sigmund
D:6:      cheibrodos_barr_body, layout_gridville, kennysheep_generic_room_15
D:7:      layout_basic, temple_pool_b, enter_bailey_7
Bailey:   bailey_axe_minmay_hex_keep, bailey

Skill      XL: |  1  2  3  4  5  6  7  8  9 10 |
---------------+-------------------------------+-----
Shields        | 4 5 |  5.8
Fighting       | 4 5 6 8 |  8.9
Axes           | 3 5 6 7 9 11 12 | 12.1
Armour         | 4 5 6 8 9 10 | 10.1
Dodging        | 1 2 |  2.9
Evocations     | 1 |  1.7
Stealth        | |  0.8

Action                   |  1- 3 |  4- 6 |  7- 9 | 10-12 || total
-------------------------+-------+-------+-------+-------++-------
Melee: War axe           |    49 |   148 |   224 |    46 ||   467
       Headbutt          |     5 |    20 |    42 |     8 ||    75
Evoke: Wand              |       |       |     2 |     2 ||     4
  Use: Potion            |       |     1 |       |       ||     1
Armor: Scale mail        |    38 |    57 |   101 |     2 ||   198
       Plate armour      |       |       |       |     6 ||     6
Dodge: Dodged            |    27 |    52 |   106 |     9 ||   194
Block: Buckler           |    16 |    37 |    11 |       ||    64
